 Dungeon Crawl Stone Soup version 0.31.0-9-g3a7656b989 (webtiles) character file.

Game seed: 12777172390810333297

29 EnegeticOcto the Ruffian (level 3, 36/36 HPs)
             Began as a Troll Monk on Jan 31, 2024.
             Quit the game on level 2 of the Dungeon.
             The game lasted 00:00:27 (724 turns).

EnegeticOcto the Ruffian (Troll Monk)                Turns: 724, Time: 00:00:28

Health: 36/36      AC:  4    Str: 19    XL:     3   Next: 1%
Magic:  2/2        EV: 10    Int:  6    God:
Gold:   33         SH:  0    Dex: 14    Spells: 2/2 levels left

rFire   . .          .
                       - Unarmed
rCold   . . .        c - orb {light}
rNeg    . . .        a - +0 robe
rPois   .            (helmet restricted)
rElec   .            (no cloak)
rCorr   .            (gloves unavailable)
SInv    .            (boots unavailable)
Will    .....        (no amulet)
Stlth   +            (no ring)
HPRegen 1.06/turn    (no ring)
MPRegen 0.08/turn

%: no passive effects
@: glowing
A: large, unfitting armour, claws 3, regeneration 1, shaggy fur 1, tough skin 1
a: no special abilities


You were on level 2 of the Dungeon.
You visited 1 branch of the dungeon, and saw 2 of its levels.

You collected 33 gold pieces.

Inventory:

Armour
 a - a +0 robe (worn)
 c - an orb of light (worn)
Jewellery
 f - a +4 ring of protection
   (You found it on level 1 of the Dungeon)
Scrolls
 d - a scroll of silence {unknown}
 e - a scroll of teleportation {unknown}
 h - a scroll of torment {unknown}
 i - a scroll of enchant armour {unknown}
 j - a scroll of poison {unknown}
 l - a scroll of identify {unknown}
Potions
 b - a potion of ambrosia
 g - 3 potions of curing {unknown}
 k - a potion of magic {unknown}


   Skills:
 + Level 2.7 Fighting
 + Level 2.7 Dodging
 * Level 3.6 Unarmed Combat


You had 2 spell levels left.
You didn't know any spells.
Your spell library was empty.

Dungeon Overview and Level Annotations

Branches:
Dungeon (2/15) Zot: 11278

Altars:


Innate Abilities, Weirdness & Mutations

You are too large for most types of armour.
You have claws for hands.
Your natural rate of healing is unusually fast.
You are covered in fur. (AC +1)
You have tough skin. (AC +1)


Message History

You kill the ball python!
No target in view!
No target in view!
No target in view!
No target in view!
No target in view!
No target in view!
No target in view!
No target in view!
g - 3 brown potions (gained 1)
You open the door.
There is a stone staircase leading down here.
You now have 33 gold pieces (gained 11).
You open the door.
There is an open door here.
You open the door.
A goblin comes into view. It is wielding a +0 dagger.
The goblin shouts!
A goblin is nearby!
You claw the goblin!
You kill the goblin!
No target in view!
No target in view!
No target in view!
No target in view!
No target in view!
You open the door.
There is an open door here.
You see here a +0 dagger.
There is an open door here.
j - a scroll labelled QIUVOM QAGE
k - a coppery potion A quokka comes into view.
The quokka closely misses you.
You barely miss the quokka. The quokka closely misses you.
You scratch the quokka but do no damage.
The quokka barely misses you.
You scratch the quokka.
You kill the quokka!
No target in view!
No target in view!
No target in view!
No target in view!
You see here a quokka corpse.
You open the door.
There is an open door here.
There is an open door here.
l - a scroll labelled BUXYIFO XIECED You see here a +0 club.
You see here a +0 whip.
There is an open door here.
You open the door.
Found a mace.
There is an open door here.
You open the door.
There is an open door here.
Done exploring.
No target in view!
No target in view!
No target in view!
No target in view!
No target in view!
No target in view!
No target in view!
Done exploring.
Done exploring.
Done exploring.
Okay, then.
(D) Dungeon
Where to? (? - help)
You open the door.
There is an open door here.
There is a stone staircase leading down here.
You climb downwards.
There is a stone staircase leading up here.
A goblin comes into view. It is wielding a +0 dagger.
Found 14 gold pieces.
Found a faded altar of an unknown god.
You claw the goblin!
You kill the goblin!
You have reached level 3!
Your experience leads to an increase in your attributes!
Increase (s)trength, (i)ntelligence, or (d)exterity?
You feel agile. x2; You feel stronger.
Things that are here:
a +0 dagger; a goblin corpse
Found a scroll labelled KEEJECWIMI.
A ball python comes into view.
The ball python hisses angrily.
Found a stone staircase leading up.
The ball python attacks as it pursues you!
The ball python bites you but does no damage.
There is a faded altar of an unknown god here.
You claw the ball python!
You kill the ball python!
No target in view!
No target in view!
No target in view!
This altar belongs to (a) Yredelemnul, (b) Uskayaw or (c) Wu Jian, but you can't tell which.
Press the corresponding letter to learn more about a god, or press enter to convert or escape to cancel.
Okay, then.
Are you sure you want to abandon this character and quit the game? (Confirm with "yes".)

....# #####....#
#.?......#
#####........##
#∩........∩...#
#.............#
#.............#
#∩..∩..@..♣..∩
###+###.............#
#....##......$......#
#..<.##).....8..∩..∩#
#....................
#....#..............#
#....##♣..♣..8..∩..8.
#....# .............<
#....##.............


There were no monsters in sight!

Vanquished Creatures
  A dart slug (D:1)
  3 endoplasms (D:1)
  A giant cockroach (D:1)
  4 goblins
  5 jackals (D:1)
  2 kobolds (D:1)
  A quokka (D:1)
  2 ball pythons
  3 bats (D:1)
  2 rats (D:1)
24 creatures vanquished.

Notes
Turn   | Place    | Note
-------+----------+-------------------------------------------
     0 | D:1      | EnegeticOcto the Troll Monk began the quest for the Orb.
     0 | D:1      | Reached XP level 1. HP: 22/22 MP: 0/0
   121 | D:1      | Reached XP level 2. HP: 29/29 MP: 1/1
   714 | D:2      | Found a faded altar of an unknown god.
   716 | D:2      | Reached XP level 3. HP: 36/36 MP: 2/2
   724 | D:2      | Quit the game

Illustrated notes

Levels and vault maps discovered:
D:1:      onia_arrival_pentagram, layout_basic
D:2:      layout_basic, hellmonk_ecumenical_altar_arch_garden, basic_altar

Action                     || total
---------------------------++-------
  Melee: Unarmed           ||    45
 Armour: Robe              ||    23
  Dodge: Dodged            ||    20

Table legend:
 A = Kills in this place as a percentage of kills in the entire game.
 B = Kills by you in this place as a percentage of kills by you in the entire game.
 C = Kills by friends in this place as a percentage of kills by friends in the entire game.
 D = Other kills in this place as a percentage of other kills in the entire game.
 E = Experience gained in this place as a percentage of experience gained in the entire game.
 F = Experience gained in this place divided by the number of levels of this place that you have seen.
                   A       B       C       D       E      F
               +-------+-------+-------+-------+-------+----------------------
         Total | 100.0 | 100.0 |   N/A |   N/A | 100.0 |  21.0
       Dungeon | 100.0 | 100.0 |   N/A |   N/A | 100.0 |  21.0
               +-------+-------+-------+-------+-------+----------------------

Table legend: (Time is in decaauts)
 A = Elapsed time spent in this place.
 B = Non-inter-level travel time spent in this place.
 C = Inter-level travel time spent in this place.
 D = Time resting spent in this place.
 E = Time spent auto-exploring this place.
 F = Levels seen in this place.
 G = Mean time per level.
                   A        B        C        D        E       F      G
               +--------+--------+--------+--------+--------+-----+--------+
         Total |    721 |    706 |     15 |      0 |    588 |   2 |  360.5 |
       Dungeon |    721 |    706 |     15 |      0 |    588 |   2 |  360.5 |
               +--------+--------+--------+--------+--------+-----+--------+

Top non-repeatable levels by time:
     D:1: 708 daAuts
     D:2: 12 daAuts
